AoeStats
← l3141516

Arena

509398751Analyzed
4v4 RM · 5d ago on Sep 26, 2026· 50m 12s· 8 players
Game mode
Random Map
Map size
Large (8 player)
Population
200
Speed
Normal
Resources
Standard
Victory
Conquest
Starting age
Dark Age
Ending age
Imperial Age
RankedLock teamsTeams togetherTeam positionsShared explorationLock speedFull tech treeHidden civsTurbo modeCheats
Victory
Defeat
🇪🇸 Goths · Spain
923
+14
🇦🇷 Bohemians · Argentina
914
+14
🇮🇳 Saxons · India
905
+15
🇨🇳 Huns · China
880
+16
🇲🇽 Burgundians · Mexico
967
-18
🇺🇸 Franks · United States
941
-50
🇲🇽 Mongols · Mexico
814
-12
🇵🇪 Khmer · Peru
799
-12
futuro_kid
12:37 Feudal Age
13:57 Stone Mining
13:59 Double-Bit Axe
14:10 Horse Collar
18:53 Castle Age
17:51 Gold Mining
25:51 Wheelbarrow
25:47 Scale Mail Armor
25:57 Forging
28:03 Chain Mail Armor
28:24 Iron Casting
27:48 Pikeman
28:58 Murder Holes
30:08 Squires
33:26 Ballistics
33:17 Masonry
35:55 Hand Cart
39:18 Imperial Age
37:58 Anarchy
39:32 Husbandry
39:36 Cavalier
40:07 Halberdier
44:21 Chemistry
43:52 Architecture
46:21 Perfusion
49:07 Elite Huskarl
kailashsaravanaraj
5:15 Loom
11:23 Feudal Age
15:39 Castle Age
13:43 Double-Bit Axe
14:48 Horse Collar
17:34 Wheelbarrow
18:30 Bow Saw
25:23 Hand Cart
25:26 Fletching
25:52 Gold Mining
26:51 Bodkin Arrow
33:53 Imperial Age
32:53 Clerical Recruitment
35:15 Block Printing
35:13 Redemption
36:04 Elite Varangian Guard
37:13 Elite Hearth Troop
40:16 Theocracy
40:07 Illumination
40:04 Sanctity
39:19 Shield Wall
40:20 Conscription
41:10 Forging
41:02 Scale Mail Armor
44:00 Iron Casting
43:41 Chain Mail Armor
43:22 Bodkin Arrow
48:26 Scale Barding Armor
48:56 Plate Mail Armor
50:08 Hoardings
CosoLoco
3:04 Loom
9:31 Feudal Age
10:16 Double-Bit Axe
16:03 Wheelbarrow
22:34 Castle Age
20:50 Arson
21:02 Horse Collar
24:11 Hand Cart
26:01 Bow Saw
28:13 Chemistry
27:36 Ballistics
28:56 Heavy Plow
33:30 Imperial Age
33:32 Scale Barding Armor
37:50 Cavalier
38:31 Husbandry
37:56 Elite Hussite Wagon
38:57 Conscription
39:44 Chain Barding Armor
39:35 Forging
40:30 Two-Man Saw
40:15 Wagenburg Tactics
45:45 Iron Casting
alvu7373
PSA
3:57 Loom
14:08 Feudal Age
16:20 Double-Bit Axe
25:37 Castle Age
27:40 Scale Barding Armor
30:22 Bow Saw
46:21 Imperial Age
mau.mnry
7:41 Loom
12:19 Feudal Age
16:47 Castle Age
16:04 Double-Bit Axe
16:15 Stone Mining
24:40 Gold Mining
25:12 Bow Saw
26:25 Nomads
25:53 Man-at-Arms
27:23 Fortified Wall
29:24 Gold Shaft Mining
33:11 Stone Shaft Mining
39:54 Imperial Age
38:09 Wheelbarrow
37:44 Fletching
37:55 Padded Archer Armor
40:25 Town Watch
40:03 Elite Mangudai
41:05 Drill
41:07 Conscription
40:20 Onager
41:10 Long Swordsman
42:47 Siege Engineers
44:41 Ballistics
45:22 Chemistry
44:01 Capped Ram
45:48 Siege Ram
joseabrojo
0:29 Loom
8:26 Double-Bit Axe
10:27 Stone Mining
13:37 Feudal Age
15:22 Forging
17:21 Scale Barding Armor
18:53 Gold Mining
19:16 Bow Saw
18:52 Horse Collar
22:44 Castle Age
26:08 Wheelbarrow
27:20 Hand Cart
26:52 Town Watch
29:16 Fletching
32:57 Iron Casting
35:20 Chain Barding Armor
42:46 Imperial Age
40:19 Heavy Plow
43:42 Cavalier
47:38 Blast Furnace
47:12 Crop Rotation
l3141516
0:44 Loom
11:34 Feudal Age
12:38 Double-Bit Axe
17:59 Castle Age
17:14 Arson
18:09 Horse Collar
27:13 Bow Saw
29:57 Wheelbarrow
29:35 Pikeman
35:27 Heavy Plow
38:48 Imperial Age
36:04 Town Watch
36:41 Gold Mining
38:03 Town Patrol
38:22 Stone Mining
39:07 Gold Shaft Mining
38:46 Bloodlines
38:37 Husbandry
39:35 Fortified Wall
40:42 Chemistry
40:12 Devotion
40:44 Conscription
40:31 Capped Ram
40:58 Halberdier
42:33 Stone Shaft Mining
42:34 Gold Shaft Mining
43:04 Heavy Scorpion
44:00 Double Crossbow
45:34 Hand Cart
Connection lost

Rejoining the realm…

Still unreachable

The connection could not be restored.

Session expired

The server has moved on; the page needs a fresh start.